 Dungeon Crawl Stone Soup version 0.24-a0-373-g39439d8 (webtiles) character file.

Game seed: 4409170651471710143

1922 Deathlysoul the Basher (level 8, 0/71 HPs)
             Began as a Minotaur Fighter on May 31, 2019.
             Slain by a hound (1 damage)
             ... on level 7 of the Dungeon.
             The game lasted 00:10:36 (5318 turns).

Deathlysoul the Basher (Minotaur Fighter)           Turns: 5318, Time: 00:10:37

Health: 0/71       AC:  7    Str: 26    XL:     8   Next: 96%
Magic:  0/7        EV: 10    Int:  5    God:
Gold:   396        SH: 11    Dex: 11    Spells: 7/7 levels left

rFire    . . .     SeeInvis .   a - +0 flail
rCold    . . .     Gourm    .   c - +0 shield
rNeg     . . .     Faith    .   g - +1 ring mail of the Swamp {Str+2 Dex+2}
rPois    +         Spirit   +   (helmet restricted)
rElec    .         Reflect  .   (no cloak)
rCorr    .         Harm     .   (no gloves)
MR       .....                  (no boots)
Stlth    +.........             m - amulet of guardian spirit
HPRegen  0.21/turn              q - ring of poison resistance
MPRegen  0.10/turn              (no ring)

@: no status effects
A: retaliatory headbutt, horns 2
a: no special abilities


You were on level 7 of the Dungeon.
You were hungry.

You visited 1 branch of the dungeon, and saw 7 of its levels.

You collected 396 gold pieces.

Inventory:

Hand Weapons
 a - a +0 flail (weapon)
Armour
 c - a +0 shield (worn)
 g - the +1 ring mail of the Swamp (worn) {Str+2 Dex+2}
   (You found it on level 5 of the Dungeon)

   It affects your strength (+2).
   It affects your dexterity (+2).
Jewellery
 m - an amulet of guardian spirit (around neck)
 q - a ring of poison resistance (left hand)
 z - an uncursed ring of wizardry {unknown}
Wands
 i - a wand of random effects (25)
Scrolls
 b - a scroll of blinking {unknown}
 k - a scroll of remove curse {unknown}
 l - 3 scrolls of identify
 n - 4 scrolls of teleportation {unknown}
 p - 3 scrolls of random uselessness {unknown}
 r - a scroll of amnesia
 s - a scroll of enchant armour {unknown}
 u - a scroll of fear {unknown}
 v - a scroll of enchant weapon {unknown}
 y - a scroll of immolation {unknown}
Potions
 d - 2 potions of might
 h - a potion of haste {unknown}
 j - 2 potions of heal wounds {unknown}
 o - a potion of cancellation {unknown}
 t - 7 potions of curing {unknown}
 w - 2 potions of magic {unknown}
Comestibles
 f - 13 rations
 x - 5 chunks of flesh


   Skills:
 + Level 6.6 Fighting
 + Level 8.1 Maces & Flails
 + Level 7.5 Armour
 - Level 3.0 Dodging
 - Level 0.6 Stealth
 + Level 7.6 Shields


You had 7 spell levels left.
You didn't know any spells.
Your spell library was empty.

Dungeon Overview and Level Annotations

Branches:
Dungeon (7/15)             Temple (0/1) D:5

Altars:
Fedhas
Okawaru
Sif Muna
Xom
Zin
The Shining One

Annotations:
D:4 2 transporters, blank1's ghost, novice MiFi
D:6 1 runed translucent door


Innate Abilities, Weirdness & Mutations

You reflexively headbutt those who attack you in melee.
You have a pair of horns on your head.


Message History

* * * LOW HITPOINT WARNING * * *
The gnoll hits you but does no damage. You block the gnoll's attack.
The hound bites you.
* * * LOW HITPOINT WARNING * * *
You block the gnoll's attack.
You sock the gnoll!
You kill the gnoll!
You block the hound's attack.
The gnoll sergeant hits you from afar with a +0 spear!
* * * LOW HITPOINT WARNING * * *
You block the gnoll's attack. x2
You hit the gnoll.
The gnoll is heavily wounded.
The hound bites you but does no damage. You block the gnoll's attack. x2
The gnoll sergeant closely misses you.
The gnoll hits you but does no damage. x2
The hound bites you.
You hit the gnoll.
The gnoll is almost dead.
The hound bites you.
You die...

#....#........###
#....#...h.÷.....
#....#.§..§......
####...###§§§###..#
#......###§§§# ..#
##.....)..§§§# ..
#.gg......§§# .
#h......§...#
#@gg........#
##..g....(...#
#.......##...#
#########....+
....#


You could see a gnoll sergeant, a hound and 4 gnolls.

Vanquished Creatures
  A hippogriff (D:5)
  Sigmund (D:3)
  A water moccasin (D:5)
  An orc warrior (D:7)
  A sky beast (D:7)
  A phantom (D:6)
  An ogre (D:7)
  2 centaurs (D:5)
  A big kobold (D:7)
  3 bullfrogs (D:6)
  A water moccasin zombie (D:5)
  A scorpion (D:7)
  A wight (D:7)
  A howler monkey (D:7)
  A crimson imp (D:5)
  2 hounds
  A jelly (D:5)
  3 orc wizards (D:6)
  3 worker ants
  Robin (D:2)
  A gnoll (D:7)
  7 adders
  3 adder zombies
  2 adder skeletons (D:5)
  2 worms
  2 dart slugs (D:1)
  5 leopard geckos
  25 orcs
  2 bats
  4 giant cockroaches
  13 goblins
  6 hobgoblins
  18 jackals
  7 kobolds
  2 quokkas
  3 ball pythons
  4 frilled lizards
  A leopard gecko skeleton (D:4)
  3 rats
138 creatures vanquished.

Notes
Turn   | Place    | Note
-------+----------+-------------------------------------------
     0 | D:1      | Deathlysoul the Minotaur Fighter began the quest for the
                  | Orb.
     0 | D:1      | Reached XP level 1. HP: 19/19 MP: 0/0
   564 | D:1      | Reached XP level 2. HP: 27/27 MP: 1/1
   790 | D:2      | Noticed Robin
   796 | D:2      | Killed Robin
   796 | D:2      | Reached XP level 3. HP: 31/33 MP: 2/2
   802 | D:2      | Reached skill level 3 in Maces & Flails
  1375 | D:2      | Reached XP level 4. HP: 41/41 MP: 3/3
  1625 | D:3      | Noticed Sigmund
  1654 | D:3      | Killed Sigmund
  1654 | D:3      | Reached skill level 4 in Maces & Flails
  1654 | D:3      | Reached skill level 1 in Dodging
  1654 | D:3      | Reached skill level 5 in Shields
  1654 | D:3      | Reached XP level 5. HP: 17/47 MP: 4/4
  1654 | D:3      | Reached XP level 6. HP: 19/53 MP: 5/5
  2369 | D:4      | Reached skill level 5 in Armour
  2812 | D:4      | Found a transporter.
  2812 | D:4      | Noticed blank1's ghost (novice MiFi)
  2817 | D:4      | Found a transporter.
  2991 | D:5      | Entered Level 5 of the Dungeon
  3004 | D:5      | Reached skill level 5 in Maces & Flails
  3122 | D:5      | Reached XP level 7. HP: 17/60 MP: 6/6
  3341 | D:5      | Got a shimmering ring mail
  3352 | D:5      | Identified the +1 ring mail of the Swamp {Str+2 Dex+2} (You
                  | found it on level 5 of the Dungeon)
  3402 | D:5      | Reached skill level 5 in Fighting
  3402 | D:5      | Reached skill level 6 in Maces & Flails
  3495 | D:5      | Noticed a hippogriff
  3505 | D:5      | Killed a hippogriff
  3966 | D:5      | Found a staircase to the Ecumenical Temple.
  4220 | D:5      | Found a deep blue altar of Sif Muna.
  4393 | D:6      | Reached XP level 8. HP: 61/68 MP: 7/7
  4466 | D:6      | Reached skill level 7 in Maces & Flails
  4525 | D:6      | Found a glowing golden altar of the Shining One.
  4525 | D:6      | Noticed an angel
  4526 | D:6      | Found a runed translucent door.
  4725 | D:6      | Found a shimmering altar of Xom.
  4740 | D:6      | Found a glowing silver altar of Zin.
  4750 | D:6      | Found an iron altar of Okawaru.
  5037 | D:6      | Found a blossoming altar of Fedhas.
  5251 | D:7      | Reached skill level 8 in Maces & Flails
  5316 | D:7      | HP: 1/71 [gnoll sergeant/+0 spear (10)]
  5318 | D:7      | Slain by a hound

Levels and vault maps discovered:
D:1:      wander_arrival_lonely_grave, layout_loops_ring
D:2:      layout_loops_ring, first_ration, uniq_robin
D:3:      layout_basic, uniq_sigmund
D:4:      layout_loops_ring, gammafunk_ghost_mausoleum, chequers_big_river,
          kennysheep_generic_room_15
D:5:      layout_basic, kennysheep_mini_moat,
          minmay_temple_entry_drinking_statues
D:6:      layout_loops_ring, minitemple, fedhas_altar_fruit_tree,
          lemuel_angel_altar
D:7:      minmay_the_grid_octo_triangle [minmay_the_grid_octo_horde,
          minmay_the_grid_octo_prize_ultimate_mussel_roller,
          minmay_the_grid_octo_pinwheel], layout_gridville, the_bakery

Skill      XL: |  1  2  3  4  5  6  7  8 |
---------------+-------------------------+-----
Armour         | 4 5 6 7 |  7.5
Fighting       | 4 5 6 |  6.6
Shields        | 4 5 6 7 |  7.6
Maces & Flails | 3 4 5 6 8 |  8.1
Dodging        | 1 2 3 |  3.0
Stealth        | |  0.6

Action                   |  1- 3 |  4- 6 |  7- 9 || total
-------------------------+-------+-------+-------++-------
Melee: Flail             |    92 |   134 |   174 ||   400
       Headbutt          |     4 |    22 |    41 ||    67
  Use: Scroll            |       |       |     5 ||     5
  Eat: Chunk             |     1 |     6 |     7 ||    14
Armor: Scale mail        |    46 |    51 |       ||    97
       Ring mail         |       |       |    54 ||    54
Dodge: Dodged            |    32 |    47 |    63 ||   142
Block: Shield            |    60 |    89 |   116 ||   265

Table legend:
 A = Non-vault XP
 B = Vault XP
 C = Vault XP percentage of total XP
 D = Non-vault monster count
 E = Vault monster count
 F = Vault count percentage of total count
                 A         B        C        D         E       F
            +---------+---------+-------+---------+---------+-------
      Total |    2324 |     422 |  15.4 |     122 |      16 |  11.6
            +---------+---------+-------+---------+---------+-------
        D:1 |      15 |       0 |   0.0 |       6 |       0 |   0.0
        D:2 |      45 |      38 |  45.8 |      12 |      12 |  50.0
        D:3 |      67 |     227 |  77.2 |      23 |       1 |   4.2
        D:4 |      64 |       3 |   4.5 |      14 |       1 |   6.7
        D:5 |     950 |       0 |   0.0 |      27 |       0 |   0.0
        D:6 |     663 |       0 |   0.0 |      32 |       0 |   0.0
        D:7 |     520 |     154 |  22.8 |       8 |       2 |  20.0
            +---------+---------+-------+---------+---------+-------
